 Dungeon Crawl Stone Soup version 0.31-a0-360-gb3e1d13bf4 (webtiles) character file.

Game seed: 5117356999236846147

8749 hashsling the Basher (level 11, 0/74 HPs)
             Began as a Gargoyle Fighter on July 27, 2023.
             Was an Elder of Okawaru.
             Slain by Erolcha
             ... wielding a +0 giant club
              (19 damage)
             ... on level 10 of the Dungeon.
             The game lasted 00:32:18 (8959 turns).

hashsling the Basher (Gargoyle Fighter)             Turns: 8959, Time: 00:32:19

Health: 0/74       AC: 23    Str: 24    XL:     11   Next: 35%
Magic:  11/11      EV:  8    Int:  9    God:    Okawaru [****..]
Gold:   639        SH:  0    Dex:  9    Spells: 10/10 levels left

rFire   . . .        A - +4 flail (heavy)
rCold   . . .        c - +0 buckler
rNeg    + + .        H - +1 chain mail {rN+}
rPois   ∞            w - +0 helmet
rElec   +            f - +0 cloak
rCorr   .            (no gloves)
SInv    .            C - +0 pair of boots
Will    .....        q - amulet of reflection Stlth
                     D - +4 ring of slaying
HPRegen 0.32/turn    (no ring)
MPRegen 0.12/turn

%: reflection
@: confused
A: sickness immunity, AC +8, negative energy resistance 1, electricity
resistance, torment resistance 1, petrification resistance
a: Renounce Religion, Heroism, Finesse


You were on level 10 of the Dungeon.
You worshipped Okawaru.
Okawaru was greatly pleased with you.
You visited 2 branches of the dungeon, and saw 11 of its levels.
You also visited: Ossuary.

You collected 864 gold pieces.
You spent 225 gold pieces at shops.

Inventory:

Hand Weapons
 d - a +2 whip of flaming
 u - a +5 flail
 A - a +4 heavy flail (weapon)
Missiles
 n - 3 throwing nets
 r - 39 poisoned darts (quivered)
 L - 3 curare-tipped darts
Armour
 c - a +0 buckler (worn)
 f - a +0 cloak (worn)
 w - a +0 helmet (worn)
 B - a +2 ring mail of fire resistance
 C - a +0 pair of boots (worn)
 H - a +1 chain mail of positive energy (worn)
Magical Staves
 z - a staff of earth
Jewellery
 q - an amulet of reflection (around neck)
 D - a +4 ring of slaying (left hand)
Wands
 k - a wand of flame (29)
 E - a wand of iceblast (8)
Scrolls
 e - a scroll of amnesia {unknown}
 g - 4 scrolls of immolation
 h - 3 scrolls of teleportation
 i - 4 scrolls of vulnerability
 j - 2 scrolls of poison {unknown}
 l - a scroll of noise {unknown}
 s - 3 scrolls of revelation
 x - 4 scrolls of fear
 y - 3 scrolls of blinking
 F - 3 scrolls of fog
 G - a scroll of enchant armour
Potions
 a - a potion of resistance {unknown}
 b - a potion of ambrosia {unknown}
 m - 7 potions of lignification
 o - 2 potions of haste
 p - 2 potions of heal wounds
 t - 4 potions of curing
 v - a potion of berserk rage {unknown}
 I - a potion of cancellation {unknown}
 J - a potion of enlightenment {unknown}
 K - 3 potions of brilliance


   Skills:
 + Level 11.5 Fighting
 * Level 12.9 Maces & Flails
 - Level 7.0 Armour
 - Level 4.0 Shields


You had 10 spell levels left.
You didn't know any spells.
Your spell library contained the following spells:

 Spells                   Type           Power      Damage    Failure   Level
 Shock                    Conj/Air       0%         1d3       94%         1
 Slow                     Hex            0%         N/A       94%         1
 Confusing Touch          Hex            0%         N/A       100%        3
 Swiftness                Air            0%         N/A       100%        3
 Vampiric Draining        Necr           0%         2d6       100%        3
 Airstrike                Air            0%         2d(0-16)  100%        4
 Dispel Undead            Necr           0%         3d6       100%        4
 Petrify                  Tmut/Erth      0%         N/A       100%        4
 Irradiate                Conj/Tmut      0%         3d11      100%        5
 Conjure Ball Lightning   Conj/Air       0%         3x3d6     100%        6
 Discord                  Hex            0%         N/A       100%        8
 Disjunction              Tloc           0%         N/A       100%        8
 Cigotuvi's Dreadful Rot  Necr/Pois/Air  Unusable   N/A       N/A         2
 Sublimation of Blood     Necr           Unusable   N/A       N/A         2
 Death Channel            Necr           Unusable   N/A       N/A         6

Dungeon Overview and Level Annotations

Branches:
Dungeon (10/15)            Temple (1/1) D:6            Lair (0/5) D:10
Ossuary (visited)
    Orc: D:9-12

Altars:
Ashenzari
Cheibriados
Dithmenos
Elyvilon
Fedhas
Gozag
Hepliaklqana
Kikubaaqudgha
Makhleb
Nemelex Xobeh
Okawaru
Qazlal
Ru
Sif Muna
Trog
Uskayaw
Vehumet
Wu Jian
Xom
Yredelemnul
Zin
The Shining One
Jiyva

Shops:
D:6 [

Annotations:
D:8 2 transporters
D:10 Erolcha


Innate Abilities, Weirdness & Mutations

You are immune to sickness and miasma.
Your stone body is resilient. (AC +8)
You are immune to poison.
You resist negative energy. (rN+)
You are resistant to electric shocks. (rElec)
You are resistant to unholy torment.
You are immune to petrification.


Message History

A kobold comes into view. It is wielding a +0 short sword.
Okay, then.
You closely miss the kobold brigand.
The kobold shouts!
Erolcha screams, "DIE!"
Erolcha casts a spell.
Erolcha flickers and vanishes!
Deactivating autopickup; reactivate with Ctrl-A.
The kobold brigand hits you with a +0 whip.
You sock the kobold brigand!
The kobold brigand is heavily wounded.
The kobold brigand hits you but does no damage.
You closely miss the kobold brigand.
The kobold brigand is heavily wounded.
The kobold brigand hits you but does no damage.
You hit the kobold brigand.
The kobold brigand is severely wounded.
Something hits you!
You block the kobold brigand's attack. x2
The kobold barely misses you. The kobold closely misses you.
You bludgeon the kobold brigand!!
You kill the kobold brigand!
Okawaru accepts your kill. Something hits you!! You block the kobold's attack.
The kobold hits you but does no damage. x2
You fail to use your ability.
Something hits you!!
* * * LOW HITPOINT WARNING * * *
The kobold zaps a wand.
Your will is overpowered!
You are confused.
The kobold closely misses you. The kobold barely misses you.
You feel much better. The kobold hits you but does no damage.
The kobold zaps a wand.
Your will is overpowered!
You are more confused.
The kobold hits you but does no damage. Something hits you!
* * * LOW HITPOINT WARNING * * *
The kobold hits you but does no damage. x3
Things that are here:
a +0 whip; 5 poisoned darts Something hits you!!
You die...

....#######....#....#...
..........#....#....+...
..........#....#....#...
....................#...
............§§§≈≈...#...
............§§≈≈.≈..'...
....###)##.≈§§..≈≈..###8 ..
#......≈§≈>.≈≈.####.
#.K@K...≈≈.≈≈....###
#.K.{..§≈≈§≈§...###.
#.......§≈≈≈....####
#.)....§.......<##_.
#.....####...§..#### #######
#.....#.........# #.
......########.....#....#########
......#......'.....#..........#_.
......#......#.....#..........###


You could see 3 kobolds.

Vanquished Creatures
  A two-headed ogre (D:9)
  A fire crab (D:10)
  Pikel (D:5)
  A cyclops (D:10)
  A gargoyle (D:10)
  Maggie (D:6)
  A kobold demonologist (D:9)
  Psyche (D:10)
  A yak (D:8)
  A shadow (D:9)
  2 vampire mosquitoes (D:8)
  5 steam dragons
  A water moccasin (D:5)
  3 orc warriors
  A sky beast (D:8)
  A black bear (D:7)
  3 ogres
  3 centaurs
  3 phantoms
  3 elf zombies (D:6)
  5 kobold brigands
  4 bullfrogs
  An elf skeleton (D:6)
  2 gnoll sergeants
  4 scorpions
  10 wights
  6 killer bees
  4 howler monkeys
  2 hounds
  A human zombie (D:6)
  2 jellies
  5 orc priests
  A sleepcap (D:7)
  Jessica (D:2)
  2 human skeletons (D:6)
  6 iguanas
  8 orc wizards
  8 mummies (Ossuary)
  7 gnolls
  11 adders
  4 shadow imps
  2 worms
  3 dart slugs
  26 orcs
  7 ball pythons
  7 endoplasms
  4 giant cockroaches
  2 gnoll zombies (Ossuary)
  5 goblins
  6 hobgoblins
  3 quokkas
  3 bats
  2 frilled lizards
  3 hobgoblin zombies (Ossuary)
  20 kobolds
  2 kobold zombies (Ossuary)
  An orc skeleton (D:6)
  4 orc zombies
  5 rats
234 creatures vanquished.

Notes
Turn   | Place    | Note
-------+----------+-------------------------------------------
     0 | D:1      | hashsling the Gargoyle Fighter began the quest for the Orb.
     0 | D:1      | Reached XP level 1. HP: 14/14 MP: 1/1
    91 | D:1      | Reached XP level 2. HP: 17/19 MP: 2/2
   188 | D:1      | Reached skill level 3 in Maces & Flails
   224 | D:1      | Found a faded altar of an unknown god.
   285 | D:1      | Reached XP level 3. HP: 23/23 MP: 3/3
   753 | D:2      | Noticed Jessica
   765 | D:2      | Killed Jessica
   766 | D:2      | Reached skill level 4 in Maces & Flails
   766 | D:2      | Reached XP level 4. HP: 22/28 MP: 4/4
  1493 | D:3      | Found a snail-covered altar of Cheibriados.
  2025 | D:4      | Reached XP level 5. HP: 32/32 MP: 5/5
  2026 | D:4      | Found an ornate altar of the Wu Jian Council.
  2034 | D:4      | Reached skill level 5 in Maces & Flails
  2216 | D:4      | Reached XP level 6. HP: 37/37 MP: 6/6
  2312 | D:4      | Reached skill level 6 in Maces & Flails
  2809 | D:5      | Entered Level 5 of the Dungeon
  2856 | D:5      | Reached XP level 7. HP: 35/41 MP: 7/7
  2959 | D:5      | Reached skill level 7 in Maces & Flails
  2979 | D:5      | Noticed Pikel
  2994 | D:5      | Killed Pikel
  2995 | D:5      | Reached skill level 5 in Armour
  2995 | D:5      | Reached XP level 8. HP: 32/51 MP: 8/8
  3114 | D:5      | Found a sparkling altar of Nemelex Xobeh.
  3380 | D:5      | Reached skill level 8 in Maces & Flails
  3490 | D:5      | Identified the +8 short sword of Blood-Lust {drain, rF+ rN+
                  | Str+2}
  3744 | D:6      | Found a glowing silver altar of Zin.
  3749 | D:6      | Reached XP level 9. HP: 57/57 MP: 9/9
  3757 | D:6      | Found Agi Witiu's Antique Armour Boutique.
  3767 | D:6      | Bought a shiny chain mail for 225 gold pieces
  4040 | D:6      | Found a staircase to the Ecumenical Temple.
  4096 | Temple   | Entered the Ecumenical Temple
  4112 | Temple   | Became a worshipper of Warmaster Okawaru
  4165 | D:6      | Noticed Maggie
  4178 | D:6      | Killed Maggie
  4179 | D:6      | Reached skill level 9 in Maces & Flails
  4225 | D:6      | Found a sand-covered staircase.
  4231 | Ossuary  | Entered an ossuary
  4543 | D:6      | Reached * piety under Okawaru
  5120 | D:7      | Reached skill level 10 in Maces & Flails
  5225 | D:7      | Reached XP level 10. HP: 42/66 MP: 10/10
  5429 | D:7      | Reached ** piety under Okawaru
  6199 | D:8      | Reached skill level 10 in Fighting
  6235 | D:8      | Found a white marble altar of Elyvilon.
  6348 | D:8      | Reached skill level 11 in Maces & Flails
  6396 | D:8      | Noticed a great orb of eyes
  6397 | D:8      | Found a transporter.
  6399 | D:8      | Found a viscous altar of Jiyva.
  6510 | D:8      | Found a transporter.
  6748 | D:8      | Reached *** piety under Okawaru
  7626 | D:9      | Noticed a two-headed ogre
  7640 | D:9      | Killed a two-headed ogre
  7641 | D:9      | Reached skill level 12 in Maces & Flails
  7759 | D:9      | Reached XP level 11. HP: 68/73 MP: 11/11
  8046 | D:9      | Identified the +2 leather armour "Finoum" {rElec Will-
                  | Str-3 Dex+8}
  8231 | D:10     | Entered Level 10 of the Dungeon
  8286 | D:10     | Noticed a cyclops
  8294 | D:10     | Killed a cyclops
  8394 | D:10     | Found a staircase to the Lair.
  8394 | D:10     | Noticed a fire crab
  8406 | D:10     | Noticed Psyche
  8409 | D:10     | Reached **** piety under Okawaru
  8410 | D:10     | Killed Psyche
  8502 | D:10     | Killed a fire crab
  8675 | D:10     | Found a shimmering altar of Xom.
  8677 | D:10     | Found a hazy altar of Hepliaklqana.
  8681 | D:10     | Found a stormy altar of Qazlal.
  8946 | D:10     | Noticed Erolcha
  8959 | D:10     | Slain by Erolcha

Illustrated notes

Levels and vault maps discovered:
D:1:      sevenhm_arrival_forest_fort_small_6, layout_rooms,
          shapermc_ecumenical_altar_ellora
D:2:      layout_loops_corners, uniq_jessica
D:3:      layout_rooms, mainiacjoe_overflow_cross_hatched
D:4:      minmay_octagon_keep, layout_basic, amcnicky_altar_gilded
D:5:      layout_basic, nemelex_diamond_rough_becter, uniq_pikel
D:6:      layout_rooms, mainiacjoe_overflow_tiny_flanked,
          minmay_temple_entry_waves, nicolae_ossuary_entry_catacombs,
          serial_shops, nicolae_shop_peninsula, minmay_misc_feat_alley,
          uniq_maggie
D:7:      layout_loops_ring
D:8:      gammafunk_jiyva_shrine, layout_layer_cave,
          mainiacjoe_overflow_concentric_impassable, hangedman_minor_gate_pass
D:9:      layout_cave_pods, eino_tiny_chamber
D:10:     layout_grid_maze, minitemple, minmay_lair_entry_lava, uniq_psyche,
          uniq_erolcha
Temple:   eino_temple_water

Skill      XL: |  1  2  3  4  5  6  7  8  9 10 11 |
---------------+----------------------------------+-----
Maces & Flails | 3 4 5 6 7 8 10 12 | 12.9
Armour         | 4 5 6 7 |  7.0
Fighting       | 6 7 9 10 11 | 11.5
Shields        | 4 |  4.0

Action                     |  1- 3 |  4- 6 |  7- 9 | 10-12 || total
---------------------------+-------+-------+-------+-------++-------
  Melee: Flail             |    89 |    97 |    47 |    91 ||   324
         Mace              |       |    35 |       |       ||    35
         Whip              |       |       |   277 |   206 ||   483
  Throw: Dart              |       |     3 |     5 |     7 ||    15
 Invoke: Heroism           |       |       |       |     2 ||     2
  Evoke: Wand              |       |       |     1 |     4 ||     5
    Use: Potion            |       |       |     1 |     3 ||     4
         Scroll            |       |       |     9 |    10 ||    19
 Armour: Scale mail        |    47 |     3 |       |       ||    50
         Chain mail        |       |    50 |    84 |   170 ||   304
         Plate armour      |       |     1 |    38 |       ||    39
  Dodge: Dodged            |    38 |    35 |    57 |    69 ||   199
  Block: Buckler           |    19 |    56 |   108 |   131 ||   314
         Reflection        |       |     2 |     4 |     9 ||    15

Table legend: (Time is in decaauts)
 A = Elapsed time spent in this place.
 B = Non-inter-level travel time spent in this place.
 C = Inter-level travel time spent in this place.
 D = Time resting spent in this place.
 E = Time spent auto-exploring this place.
 F = Levels seen in this place.
 G = Mean time per level.
                   A        B        C        D        E       F      G
               +--------+--------+--------+--------+--------+-----+--------+
         Total |   8845 |   8526 |    319 |    260 |   6566 |  12 |  737.1 |
       Dungeon |   8584 |   8294 |    290 |    260 |   6408 |  10 |  858.4 |
        Temple |     31 |      2 |     29 |      0 |      0 |   1 |   31.0 |
       Ossuary |    229 |    229 |      0 |      0 |    158 |   1 |  229.0 |
               +--------+--------+--------+--------+--------+-----+--------+

Top non-repeatable levels by time:
     D:8: 1431 daAuts
     D:5: 997 daAuts
     D:9: 988 daAuts
     D:2: 884 daAuts
     D:7: 880 daAuts
     D:4: 827 daAuts
    D:10: 732 daAuts
     D:6: 700 daAuts
     D:3: 606 daAuts
     D:1: 536 daAuts
 Ossuary: 229 daAuts
  Temple: 31 daAuts
